Map: Nightshade LE

Players

ToaFolks - Winner!

  • Race: Terran Terran
  • League: Gold
  • Spawn Location: 11:00

antagomiR

  • Race: Protoss Protoss
  • League: Gold
  • Spawn Location: 5:00

VOD

Have the link to the VOD?

Description

Time

  • Played on: April 7, 2020, 11:39 p.m.
  • Length: 13:00
Show
View Real Time Build Order
Export as new Build Order

ToaFolks Terran - Winner!

Build Orders:  

Get SALT Encoding   

  12  0:05  SCV  
  13  0:17  SCV  
  14  0:28  Supply Depot  
  14  0:29  SCV  
  15  0:49  SCV  
  16  0:57  Barracks  
  16  0:58  Barracks  
  16  1:02  SCV  
  17  1:18  SCV  
  18  1:22  Refinery  
  18  1:34  SCV  
  19  1:55  Marine x2, Command Center  
  19  1:59  Orbital Command  
  21  2:19  Marine x2  
  23  2:29  Refinery  
  23  2:35  Bunker  
  23  2:40  Barracks Tech Lab  
  23  2:45  Supply Depot  
  23  2:48  Marine  
  23  2:49  SCV  
  25  2:59  Engineering Bay  
  25  3:03  Stimpack  
  25  3:04  SCV  
  26  3:09  Supply Depot  
  26  3:20  Orbital Command  
  26  3:24  SCV  
  27  3:33  Missile Turret  
  27  3:39  SCV  
  28  3:43  Barracks Reactor  
  28  3:51  SCV  
  28  3:52  SCV  
  30  4:02  Terran Infantry Weapons Level 1  
  29  4:03  SCV  
  29  4:04  SCV  
  29  4:09  Marine  
  32  4:16  SCV x2  
  34  4:26  Missile Turret  
  34  4:32  SCV  
  34  4:34  SCV  
  34  4:36  Marine, Marauder  
  34  4:38  Marine, Missile Turret  
  40  4:53  Factory  
  40  5:01  SCV x2  
  40  5:05  Supply Depot  
  40  5:06  Marine  
  40  5:07  Marine x2  
  45  5:14  Missile Turret  
  45  5:18  Missile Turret  
  45  5:19  SCV  
  46  5:21  Concussive Shells  
  46  5:31  Missile Turret  
  46  5:34  SCV x2  
  46  5:35  Marine x2  
  48  5:36  Marauder  
  48  5:38  Factory Reactor  
  48  5:41  Starport  
  52  5:54  Marine x2  
  52  5:56  Hi-Sec Auto Tracking  
  54  5:58  Marauder  
  56  6:06  Missile Turret  
  56  6:09  SCV  
  56  6:10  Refinery  
  57  6:12  SCV  
  57  6:13  Marine  
  57  6:14  Marine  
  57  6:17  Combat Shield  
  60  6:26  Missile Turret, Factory Tech Lab, Marauder  
  60  6:31  Marine  
  60  6:32  Marine  
  64  6:39  Medivac, Barracks  
  66  6:40  Medivac  
  66  6:43  SCV  
  66  6:47  Refinery  
  69  6:55  SCV  
  69  6:58  Marauder  
  69  7:00  Supply Depot  
  72  7:09  Marine x2, Medivac x2  
  72  7:12  Terran Infantry Armor Level 1  
  78  7:22  Supply Depot  
  78  7:39  Medivac, Viking  
  78  7:43  SCV x2  
  84  8:04  Command Center  
  84  8:13  Marine x3  
  74  8:31  Marine, Marauder  
  66  9:05  Barracks Reactor  
  66  9:12  Marine x2, Marauder  
  70  9:18  Missile Turret  
  70  9:19  Orbital Command  
  70  9:30  Marine x2  
  72  9:33  Marauder  
  72  9:37  Engineering Bay  
  74  9:40  Missile Turret  
  74  9:42  Armory  
  74  9:43  Armory  
  74  9:44  SCV  
  75  9:48  Marine x2  
  77  9:54  Marine  
  77  9:57  SCV  
  77  9:59  Refinery  
  79  10:00  Marine x2  
  79  10:02  Missile Turret  
  79  10:05  Marine x2  
  83  10:09  Medivac x2  
  83  10:11  Siege Tank  
  83  10:12  Marine  
  91  10:15  Missile Turret  
  91  10:17  Marine  
  91  10:18  Marine  
  93  10:23  Marine x2  
  95  10:30  Marine  
  95  10:31  Terran Infantry Weapons Level 2  
  95  10:32  Terran Infantry Armor Level 2  
  95  10:34  Terran Vehicle And Ship Armor Level 1  
  95  10:35  Marine  
  96  10:36  Marine, Terran Vehicle Weapons Level 1  
  96  10:39  Medivac, Viking  
  96  10:40  SCV  
  96  10:41  Marine x2  
  105  10:43  Siege Tank  
  105  10:48  Marauder  
  110  10:51  Refinery  
  110  10:53  Marine  
  110  10:54  Marine  
  110  10:56  Command Center  
  112  10:59  Marine x2  
  112  11:00  SCV x2  
  116  11:04  Supply Depot  
  116  11:07  Supply Depot  
  116  11:11  Marine  
  117  11:20  Supply Depot  
  117  11:25  Marine x2  
  117  11:26  Marauder  
  117  11:31  Supply Depot  
  119  11:35  Supply Depot  
  108  11:47  Marine  
  106  11:55  Supply Depot  
  103  12:36  Marine  
  104  12:37  Marine x4  
  104  12:40  SCV x3  
Show
View Real Time Build Order
Export as new Build Order

antagomiR Protoss 

Build Orders: Colossus Rush 

Get SALT Encoding   

  12  0:01  Probe  
  13  0:13  Probe  
  14  0:25  Probe  
  14  0:26  Pylon  
  15  0:44  Probe  
  15  0:48  Gateway  
  16  0:56  Probe  
  17  1:11  Probe  
  17  1:18  Assimilator  
  18  1:23  Probe  
  19  1:30  Assimilator  
  19  1:40  Cybernetics Core  
  19  1:48  Probe  
  20  2:00  Pylon  
  20  2:04  Probe  
  21  2:19  Nexus  
  21  2:21  Warp Gate (Chrono Boost)  
  21  2:22  Assimilator  
  21  2:23  Adept (Chrono Boost)  
  22  3:00  Gateway  
  22  3:01  Gateway  
  22  3:02  Robotics Facility  
  22  3:03  Probe  
  23  3:10  Stalker (Chrono Boost)  
  23  3:12  Pylon  
  25  3:15  Probe  
  26  3:27  Probe  
  27  3:37  Sentry  
  27  3:39  Probe  
  30  3:41  Probe  
  31  3:50  Observer  
  31  3:51  Probe  
  31  3:53  Probe  
  34  4:00  Pylon  
  34  4:03  Probe  
  34  4:09  Probe  
  36  4:11  Observer  
  36  4:15  Probe  
  38  4:18  Twilight Council  
  38  4:21  Probe  
  39  4:25  Stalker  
  39  4:28  Probe  
  42  4:33  Probe  
  43  4:40  Probe, Assimilator  
  43  4:42  Sentry  
  43  4:45  Probe  
  47  4:52  Probe, Pylon  
  48  4:55  Immortal (Chrono Boost)  
  48  4:57  Probe  
  53  5:04  Probe  
  54  5:09  Probe  
  54  5:19  Probe  
  54  5:20  Colossus  
  55  5:21  Probe  
  55  5:27  Observer  
  57  5:31  Probe  
  57  5:34  Probe  
  59  5:36  Zealot x3  
  65  5:43  Probe, Forge  
  65  5:46  Probe  
  67  5:55  Pylon  
  67  5:59  Pylon  
  67  6:13  Immortal  
  71  6:21  Probe x2  
  73  6:33  Probe  
  73  6:34  Probe  
  75  6:44  Phoenix  
  75  6:45  Probe  
  75  6:46  Probe  
  77  6:48  Nexus  
  77  6:49  Pylon  
  77  6:50  Templar Archives  
  77  6:52  Immortal  
  77  6:53  Pylon  
  81  6:56  Protoss Ground Weapons Level 1  
  81  7:03  Assimilator  
  81  7:05  Probe x2  
  83  7:16  Stalker  
  83  7:17  Probe x2  
  83  7:18  Zealot x2  
  91  7:25  Charge  
  91  7:29  Probe x2  
  93  7:31  Immortal  
  93  7:36  Pylon  
  97  7:38  Pylon  
  97  7:41  Probe x2  
  99  7:44  Stalker  
  99  7:45  Pylon  
  101  8:00  Photon Cannon  
  101  8:01  Photon Cannon  
  101  8:03  Shield Battery  
  101  8:04  Stalker x2  
  101  8:05  Photon Cannon  
  70  8:38  Stalker x2  
  70  8:39  Stalker  
  72  8:54  Pylon  
  71  8:59  Protoss Ground Weapons Level 2 (Chrono Boost)  
  71  9:10  Gateway  
  71  9:12  Gateway  
  71  9:13  Gateway, Nexus  
  71  9:14  Gateway  
  71  9:18  Stalker x2  
  75  9:25  Immortal  
  79  9:41  Pylon  
  79  9:43  Shield Battery  
  79  9:44  Shield Battery  
  79  9:46  Photon Cannon  
  79  9:47  Photon Cannon  
  79  9:51  Assimilator  
  79  9:52  Psionic Storm  
  79  9:54  Assimilator, Stalker x3  
  85  10:04  Immortal  
  89  10:15  High Templar  
  91  10:25  Probe x3  
  94  10:37  Probe x3  
  94  10:41  Zealot x2  
  94  10:42  Zealot x4  
  109  10:49  Probe x2  
  112  10:50  Probe  
  112  10:52  Immortal  
  116  11:00  Robotics Facility  
  116  11:01  Pylon  
  116  11:02  Robotics Facility  
  116  11:04  Pylon  
  101  11:47  Zealot x2  
  101  11:48  Zealot x5  
  78  12:16  Immortal x2  
  78  12:19  Sentry x2  
  78  12:20  Zealot x2  
  78  12:21  Zealot  
  94  12:35  Stalker x2  
Tags
 
League
GoldGold
Matchup
PvT
Replay Pack
20200422
Spawn Locations
Cross Positions
Add a new tag
Caveats
  • Supply blocks, unpowered buildings, or Contaminate may cause inaccurate times.
  • Supply counts are checked every 10 seconds.